 Dungeon Crawl Stone Soup version 0.17-a0-1909-g0b14330 (webtiles) character file.

86 DecibelRebel the Bolt Thrower (level 4, -11/26 HPs)
             Began as a Kobold Hunter on Sept 25, 2015.
             Mangled by max's ghost (13 damage)
             ... on level 3 of the Dungeon.
             The game lasted 00:04:18 (1453 turns).

DecibelRebel the Bolt Thrower (Kobold Hunter)       Turns: 1453, Time: 00:04:18

Health: -11/26     AC:  3    Str: 10    XL:     4   Next: 77%
Magic:  4/4        EV: 20    Int:  9    God:
Gold:   58         SH:  0    Dex: 22    Spells: 0 memorised, 3 levels left

rFire  . . .     SeeInvis .     l - +0 rapier
rCold  . . .     Clarity  .     d - +0 leather armour
rNeg   . . .     SustAt   .     (shield restricted)
rPois  .         Gourm    .     (no helmet)
rElec  .         Spirit   .     (no cloak)
rCorr  .         Warding  .     (no gloves)
rMut   .         Stasis   .     (no boots)
MR     .....                    (no amulet)
Stlth  +++.......               (no ring)
                                (no ring)

@: agile, not resistant to hostile enchantments, fairly stealthy
A: carnivore 3
a: no special abilities


You were on level 3 of the Dungeon.
You were hungry.

You visited 1 branch of the dungeon, and saw 3 of its levels.

You collected 58 gold pieces.

Inventory:

Hand weapons
 a - a +1 hand crossbow
 c - a +0 short sword
 l - a +0 rapier (weapon)
Missiles
 b - 5 bolts
Armour
 d - a +0 leather armour (worn)
Jewellery
 r - an uncursed amulet of resist mutation
Magical devices
 n - a wand of polymorph (19)
 o - a wand of magic darts (23)
Scrolls
 f - 2 scrolls of remove curse {unknown}
 h - a scroll of teleportation {unknown}
 i - 4 scrolls of identify {unknown}
 k - a scroll of amnesia {unknown}
 m - a scroll of noise {unknown}
Potions
 g - a potion of lignification {unknown}
 j - a potion of curing {unknown}
 p - a potion of heal wounds {unknown}
 q - a potion of agility
Comestibles
 e - 2 meat rations


   Skills:
 - Level 2.1 Fighting
 + Level 7.0 Crossbows
 - Level 2.4 Dodging
 - Level 1.3 Stealth


You had 3 spell levels left.
You didn't know any spells.

Dungeon Overview and Level Annotations

Branches:
Dungeon (3/15)

Altars:
Elyvilon

Annotations:
D:3 max's ghost, average MiBe


Innate Abilities, Weirdness & Mutations

You are small and have problems with some larger weapons.
You are carnivorous and can eat meat at any time.


Message History

Max's ghost closely misses you. Max's ghost completely misses you.
You closely miss max's ghost.
Max's ghost is lightly damaged.
Max's ghost closely misses you.
You hit max's ghost.
Max's ghost is lightly damaged.
Max's ghost hits you!
* * * LOW HITPOINT WARNING * * *
You hit max's ghost.
Max's ghost is lightly damaged.
Max's ghost hits you.
* * * LOW HITPOINT WARNING * * *
You completely miss max's ghost.
Max's ghost is lightly damaged.
Max's ghost completely misses you.
You closely miss max's ghost.
Max's ghost is lightly damaged.
Max's ghost closely misses you. Max's ghost hits you!
Ouch! That really hurt!
You die...

#.. .. ... ..# #.$ #.
#.# ... #... #. #.# #.#
.....+. #.# #.# # #
...#[##.#####.######(#
+.........#.............
#....#.##.#.#.......(#..
.......@W.......((.(....
#######.#.#.#........##.
#.....<...#########
####...##.# #.#.##.#
........# ###.####.# #+#
#+#


You could see max's ghost.

Vanquished Creatures
  Natasha (D:2)
  2 adders (D:2)
  2 oozes
  A giant gecko (D:1)
  2 bats (D:2)
  7 goblins
  2 hobgoblins (D:1)
  5 kobolds
  A quokka (D:2)
  2 ball pythons
  6 giant newts
  5 rats
36 creatures vanquished.

Notes
Turn   | Place    | Note
--------------------------------------------------------------
     0 | D:1      | DecibelRebel the Kobold Hunter began the quest for the Orb.
     0 | D:1      | Reached XP level 1. HP: 12/12 MP: 1/1
    26 | D:1      | Reached skill level 5 in Crossbows
    70 | D:1      | Reached XP level 2. HP: 17/17 MP: 2/2
   662 | D:1      | Reached XP level 3. HP: 21/21 MP: 3/3
   872 | D:2      | Reached skill level 6 in Crossbows
  1008 | D:2      | Reached XP level 4. HP: 26/26 MP: 4/4
  1114 | D:2      | Found a white marble altar of Elyvilon.
  1121 | D:2      | Noticed Natasha
  1123 | D:2      | Killed Natasha
  1123 | D:2      | Reached skill level 7 in Crossbows
  1431 | D:3      | Noticed max's ghost (average MiBe)
  1451 | D:3      | HP: 1/26 [max's ghost (6)]
  1453 | D:3      | Mangled by max's ghost

Vault maps used:
D:1:      denvon_arrival_planthouse, supply_closet_lemuel, minmay_crystal_room
D:2:      old_standard_altar, first_bread, minmay_newt_pond, uniq_natasha
D:3:      grunt_qazlal_clouds, grunt_ministairs_1, kennysheep_generic_room_4

Action                   |  1- 3 |  4- 6 || total
-------------------------+-------+-------++-------
Melee: Rapier            |       |     7 ||     7
 Fire: Hand crossbow     |    55 |    15 ||    70
  Use: Potion            |       |     1 ||     1
  Eat: Chunk             |       |     1 ||     1
